 Dungeon Crawl Stone Soup version 0.30-a0-389-g8d7d949f56 (webtiles) character file.

Game seed: 1141964535876818645

2996 experimilk the Destroyer (level 9, -7/93 HPs)
             Began as a White Draconian Conjurer on Dec 3, 2022.
             Mangled by a vampire
             ... wielding a +1 vampiric halberd
              (12 damage)
             ... in a bailey.
             The game lasted 00:28:20 (11639 turns).

experimilk the Destroyer (DrCj)                    Turns: 11639, Time: 00:28:21

Health: -7/93      AC: 24    Str: 10    XL:     9   Next: 54%
Magic:  4/13       EV:  2    Int: 22    God:
Gold:   140        SH:  0    Dex: 10    Spells: 7/14 levels left

rFire   . . .      SeeInvis .    u - +2 dagger (speed)
rCold   . . .      Faith    .    (no shield)
rNeg    . . .      Spirit   .    (body armour unavailable)
rPois   +          Reflect  .    (helmet currently unavailable)
rElec   .          Harm     .    (cloak currently unavailable)
rCorr   .          Rampage  .    (gloves currently unavailable)
Will    .....      NoTele   +    (boots currently unavailable)
Stlth   ++........               (no amulet)
HPRegen 0.35/turn                (no ring)
MPRegen 0.13/turn                (no ring)

@: tree-form (expiring)
A: stationary, stasis, torment immunity, boosted hp, (breathe frost), AC +7,
unfitting armour, (cold resistance 1), (cold-blooded)
a: no special abilities


You were in a bailey.
You were a tree.
You visited 1 branch of the dungeon, and saw 7 of its levels.
You also visited: Ossuary and Bailey.

You collected 252 gold pieces.
You spent 112 gold pieces at shops.

Inventory:

Hand Weapons
 j - a +1 dagger of venom
 u - a +2 dagger of speed (weapon)
Armour
 e - a +1 pair of boots (melded)
 r - a +1 pair of gloves (melded)
Jewellery
 k - a ring of fire
Scrolls
 a - a scroll of magic mapping
 b - a scroll of vulnerability {unknown}
 c - 4 scrolls of teleportation
 d - a scroll of immolation {unknown}
 f - a scroll of enchant weapon
 n - a scroll of blinking {unknown}
 q - a scroll of poison {unknown}
Potions
 h - 2 potions of curing
 i - a potion of might
 l - a potion of attraction
 m - a potion of resistance
 o - a potion of heal wounds
 p - a potion of flight
 t - a potion of degeneration {unknown}
 v - a potion of cancellation {unknown}


   Skills:
 - Level 3.0 Dodging
 - Level 1.7 Stealth
 - Level 3.0 Spellcasting
 * Level 12.6 Conjurations
 + Level 4.1 Translocations


You had 7 spell levels left.
You knew the following spells:

 Your Spells              Type           Power      Damage    Failure   Level
a - Magic Dart            Conj           100%       1d8       1%          1
x - Iskenderun's Mystic   Conj/Tloc      40%        2d9       4%          4
z - Searing Ray           Conj           100%       2d8       1%          2

Your spell library contained the following spells:

 Spells                   Type           Power      Damage    Failure   Level
 Dazzling Flash           Conj/Hex       62%        N/A       2%          3
 Fulminant Prism          Conj/Hex       15%        3d10      10%         4


Dungeon Overview and Level Annotations

Branches:
Dungeon (7/15)             Temple (0/1) D:7         Ossuary (visited)
 Bailey (1/1)

Altars:
Hepliaklqana
Makhleb
Nemelex Xobeh
Ru
Sif Muna
Xom

Shops:
D:1 *   D:5 (

Annotations:
D:3 2 runed translucent doors, PyroL's ghost, amateur DsNe
D:4 3 runed translucent doors, DeathPants's ghost, amateur VSNe


Innate Abilities, Weirdness & Mutations

You are a tree.
Your roots penetrate the ground, keeping you stationary.
You cannot be teleported.
You are immune to unholy pain and torment.
Your maximum health is greatly increased.
Your equipment is partially melded.
((You can breathe waves of freezing cold which knock back foes.))
((Your icy white scales are hard. (AC +7)))
You cannot fit into any form of body armour.
((Your flesh is cold resistant. (rC+)))
((You are cold-blooded and may be slowed by cold attacks.))


Message History

You nearly hit yourself!
Something hits you but does no damage.
You swing at nothing.
Something hits you!
You swing at nothing.
Something hits you.
You swing at nothing.
You feel less confused.
You swing at nothing.
Something hits you!
There is a strange disturbance nearby!
You have got your breath back.
You hear some strange, mumbled words.
You are confused.
You hear some strange, mumbled words.
Something tries to affect you, but you resist.
Something hits you! Something hits you. Something completely misses you.
You feel less confused. Something hits you but does no damage.
Something hits you. Something hits you! Something hits you. Something hits you!
Something hits you!
* * * LOW HITPOINT WARNING * * *
You hear some strange, mumbled words.
You are confused.
Something hits you.
* * * LOW HITPOINT WARNING * * *
Something hits you but does no damage.
Your transformation is almost over.
Something hits you but does no damage. Something hits you but does no damage.
Something hits you.
* * * LOW HITPOINT WARNING * * *
Unknown command.
You feel less confused. Something hits you.
* * * LOW HITPOINT WARNING * * *
Unknown command.
Something hits you!
You die...

##### ##### #..÷# #8...#
#### #...####
....##.8#####.÷)').###
#...#..#8..#####..#..
#..'..#.......##)#..
#..♣..#.............
#.{.#..#..♣.........)
[.....##..#....♣.♣......
#....##...#..........♣..
######....##...♣........
#8......##...........
#...##...##..........
#..##.)).#...........
#.)#....##....♣....♣♣


There were no monsters in sight!

Vanquished Creatures
  A gargoyle (Bailey)
  A water moccasin (D:7)
  An orc warrior (D:6)
  2 black bears
  4 ogres
  A phantom (D:7)
  3 elf zombies (Ossuary)
  2 scorpions (D:5)
  3 wights (D:6)
  8 vampire bats (Bailey)
  7 wolf zombies (Bailey)
  4 hounds
  3 jellies
  3 orc priests
  A centaur zombie (Ossuary)
  A human zombie (Ossuary)
  An iguana (D:4)
  An orc wizard (D:5)
  2 mummies (Ossuary)
  10 gnolls
  8 adders
  2 shadow imps
  An adder zombie (Ossuary)
  A dart slug (D:1)
  4 worms
  19 orcs
  9 ball pythons
  7 bats
  10 endoplasms
  4 giant cockroaches
  13 goblins
  2 hobgoblins (D:3)
  2 jackals (D:4)
  5 kobolds
  2 quokkas
  5 frilled lizards
  11 hobgoblin zombies (Ossuary)
  5 jackal zombies (Ossuary)
  13 kobold zombies (Ossuary)
  22 orc zombies
  4 rats
208 creatures vanquished.

Vanquished Creatures (others)
  22 plants (D:2)
22 creatures vanquished.

Grand Total: 230 creatures vanquished

Notes
Turn   | Place    | Note
-------+----------+-------------------------------------------
     0 | D:1      | experimilk the Draconian Conjurer began the quest for the
                  | Orb.
     0 | D:1      | Reached XP level 1. HP: 14/14 MP: 3/3
   259 | D:1      | Found Piqes's Assorted Antiques.
   327 | D:1      | Reached XP level 2. HP: 20/20 MP: 0/5
   333 | D:1      | Learned a level 2 spell: Searing Ray
   758 | D:1      | Found a faded altar of an unknown god.
  1064 | D:2      | Reached skill level 5 in Conjurations
  1236 | D:2      | Reached XP level 3. HP: 26/26 MP: 0/6
  1638 | D:2      | Reached XP level 4. HP: 33/33 MP: 1/7
  1700 | D:2      | Learned a level 4 spell: Iskenderun's Mystic Blast
  2138 | D:2      | Reached skill level 6 in Conjurations
  2559 | D:3      | You fall into a shaft and drop 2 floors!
  2559 | D:5      | Entered Level 5 of the Dungeon
  2567 | D:5      | Reached XP level 5. HP: 38/38 MP: 2/8
  2935 | D:4      | Noticed an ogre
  3160 | D:4      | Found a runed translucent gate.
  3161 | D:4      | Found a runed translucent gate.
  3161 | D:4      | Found a runed translucent gate.
  3162 | D:4      | Noticed DeathPants's ghost (amateur VSNe)
  3169 | D:4      | Noticed a black bear
  3195 | D:4      | Killed a black bear
  3196 | D:4      | Reached skill level 7 in Conjurations
  3196 | D:4      | Reached XP level 6. HP: 36/45 MP: 3/9
  3358 | D:3      | Found a runed translucent door.
  3362 | D:3      | Noticed PyroL's ghost (amateur DsNe)
  3371 | D:3      | Found a shimmering blue altar of Sif Muna.
  3371 | D:3      | Found a burning altar of Makhleb.
  3372 | D:3      | Found a hazy altar of Hepliaklqana.
  3483 | D:3      | Found a runed translucent door.
  3489 | D:3      | Found a sacrificial altar of Ru.
  3753 | D:3      | Reached skill level 8 in Conjurations
  4671 | D:4      | Your scales start taking on an icy white colour.
  4671 | D:4      | Reached XP level 7. HP: 46/50 MP: 1/10
  4671 | D:4      | Gained mutation: Your flesh is cold resistant. (rC+) [White
                  | Draconian growth]
  5097 | D:4      | Reached skill level 9 in Conjurations
  5339 | D:4      | Found a shimmering altar of Xom.
  5685 | D:5      | Reached skill level 1 in Translocations
  6296 | D:5      | Found Osubb's Weapon Shop.
  6404 | D:1      | Bought a pair of gloves for 112 gold pieces
  6783 | D:6      | Found a sparkling altar of Nemelex Xobeh.
  6831 | D:6      | Reached XP level 8. HP: 57/57 MP: 6/12
  6929 | D:6      | Found a sand-covered staircase.
  6957 | Ossuary  | Entered an ossuary
  7481 | Ossuary  | Reached skill level 10 in Conjurations
  8359 | D:6      | Reached skill level 11 in Conjurations
  9101 | D:7      | Reached XP level 9. HP: 54/62 MP: 2/13
  9173 | D:7      | Found a flagged portal.
  9209 | Bailey   | Entered a bailey
  9576 | Bailey   | Reached skill level 12 in Conjurations
 11155 | Bailey   | Noticed a gargoyle
 11179 | Bailey   | HP: 3/139 [gargoyle/stone arrow (14)]
 11180 | Bailey   | Killed a gargoyle
 11639 | Bailey   | Mangled by a vampire

Illustrated notes

Levels and vault maps discovered:
D:1:      dpeg_arrival_castle, layout_rooms,
          shapermc_ecumenical_altar_mp_vishouse, serial_shops,
          nicolae_square_shop, minmay_misc_feat_rugged
D:2:      layout_basic, nicolae_grassy_gnolls
D:3:      minmay_chambers_of_threes, layout_basic,
          gammafunk_temple_overflow_forgotten, mainiacjoe_overflow_24_doors,
          ebering_ghost_sewer_f
D:4:      layout_basic, kennysheep_mini, ebering_ghost_rock_garden
D:5:      layout_basic, kennysheep_small_square
D:6:      layout_basic, mainiacjoe_overflow_paths, enter_ossuary_2
D:7:      layout_basic, nicolae_dithmenos_the_darkroom,
          minmay_temple_entry_ruins, enter_bailey_5, kennysheep_generic_room_10
Bailey:   bailey_polearm_vampire_castle_hellmonk, bailey

Skill      XL: |  1  2  3  4  5  6  7  8  9 |
---------------+----------------------------+-----
Conjurations   | 5 6 7 8 9 11 12 | 12.6
Translocations | 2 3 4 |  4.1
Spellcasting   | 3 |  3.0
Dodging        | 3 |  3.0
Stealth        | |  1.7

Action                   |  1- 3 |  4- 6 |  7- 9 || total
-------------------------+-------+-------+-------++-------
Melee: Unarmed           |     1 |       |       ||     1
       Dagger            |    19 |    16 |   113 ||   148
       Tailslap          |     3 |     1 |    16 ||    20
       Punch             |       |       |     2 ||     2
 Cast: Magic Dart        |    57 |    79 |   196 ||   332
       Searing Ray       |     5 |    18 |    50 ||    73
       Iskenderun's Myst |       |       |    14 ||    14
 Abil: Breathe Frost     |       |       |    18 ||    18
  Use: Scroll            |     1 |     4 |    10 ||    15
       Potion            |       |     1 |     9 ||    10
Armor: Skin              |     5 |    23 |    80 ||   108
Dodge: Dodged            |    13 |    11 |    99 ||   123

Table legend: (Time is in decaauts)
 A = Elapsed time spent in this place.
 B = Non-inter-level travel time spent in this place.
 C = Inter-level travel time spent in this place.
 D = Time resting spent in this place.
 E = Time spent auto-exploring this place.
 F = Levels seen in this place.
 G = Mean time per level.
                   A        B        C        D        E       F      G
               +--------+--------+--------+--------+--------+-----+--------+
         Total |  11649 |  11288 |    361 |   3704 |   5469 |   9 | 1294.3 |
       Dungeon |   7939 |   7578 |    361 |   1575 |   4969 |   7 | 1134.1 |
       Ossuary |   1273 |   1273 |      0 |    450 |    482 |   1 | 1273.0 |
        Bailey |   2435 |   2435 |      0 |   1679 |     18 |   1 | 2435.0 |
               +--------+--------+--------+--------+--------+-----+--------+

Top non-repeatable levels by time:
  Bailey: 2435 daAuts
     D:4: 1624 daAuts
     D:2: 1516 daAuts
     D:5: 1338 daAuts
     D:3: 1335 daAuts
 Ossuary: 1273 daAuts
     D:6: 1117 daAuts
     D:1: 890 daAuts
     D:7: 117 daAuts
